 Dungeon Crawl Stone Soup version 0.30-a0-292-g0f741e3f8e (webtiles) character file.

Game seed: 7843995955072397576

27919 chippings the Warmonger (level 13, -17/90 (103) HPs)
             Began as a Merfolk Gladiator on Oct 17, 2022.
             Was a High Priest of Okawaru.
             Demolished by Rupert
             ... wielding a +5 great mace of draining
              (23 damage)
             ... on level 3 of the Lair of Beasts.
             The game lasted 00:39:08 (14356 turns).

chippings the Warmonger (Merfolk Gladiator)        Turns: 14356, Time: 00:39:09

HP:   -17/90 (103)  AC:  4    Str: 21    XL:     13   Next: 35%
MP:   25/31         EV: 27    Int:  8    God:    Okawaru [*****.]
Gold: 1784          SH: 20    Dex: 21    Spells: 12/12 levels left

rFire   + + +      SeeInvis .    y - +8 hand axe "Kamule" {spect, *Slow rPois rF++ Str+2}
rCold   + + .      Faith    +    V - +5 kite shield {rC+}
rNeg    . . .      Spirit   .    Q - +1 leather armour "Hicadd" {rF+ rC++ MP+9}
rPois   +          Reflect  .    c - +0 helmet
rElec   .          Harm     .    (no cloak)
rCorr   .          Rampage  .    (no gloves)
Will    .....                    (no boots)
Stlth   +++.......               J - amulet of faith
HPRegen 0.35/turn                P - +6 ring of dexterity
MPRegen 0.22/turn                x - +4 ring of evasion

@: heroic, finesse-ful, heavily drained
A: (nimble swimmer 2), mertail, deformed body, cold vulnerability 1
a: Renounce Religion, Heroism, Finesse, Duel


You were on level 3 of the Lair of Beasts.
You worshipped Okawaru.
Okawaru was extremely pleased with you.
You visited 4 branches of the dungeon, and saw 17 of its levels.
You also visited: Ice Cave.

You collected 2271 gold pieces.
You spent 487 gold pieces at shops.

Inventory:

Hand Weapons
 y - the +8 hand axe "Kamule" (weapon) {spect, *Slow rPois rF++ Str+2}
   (You found it on level 4 of the Dungeon)

   When its wielder attacks, the weapon's spirit leaps out and strikes again.
   The spirit shares a part of any damage it takes with its wielder.
   Str:       It affects your strength (+2).
   rF:        It greatly protects you from fire.
   rPois:     It protects you from poison.
   *Slow:     It may slow you when you take damage.
 K - a +7 halberd
Missiles
 d - 4 throwing nets
 e - 3 javelins
 g - 2 boomerangs of dispersal
 m - 19 boomerangs (quivered)
 z - 10 curare-tipped darts
 A - 8 poisoned darts
 O - 2 atropa-tipped darts
 Z - 4 silver javelins
Armour
 c - a +0 helmet (worn)
 N - the +0 chain mail "Cazif" {rElec Stlth+}
   (You took it off an orc on level 8 of the Dungeon)

   rElec:     It insulates you from electricity.
   Stlth:     It makes you more stealthy.
 Q - the +1 leather armour "Hicadd" (worn) {rF+ rC++ MP+9}
   (You found it on level 2 of the Lair of Beasts)

   rF:        It protects you from fire.
   rC:        It greatly protects you from cold.
   MP:        It affects your magic capacity (+9).
 V - a +5 kite shield of cold resistance (worn)
Jewellery
 q - a ring of flight
 x - a +4 ring of evasion (right hand)
 B - a ring of positive energy
 J - an amulet of faith (around neck)
 P - a +6 ring of dexterity (left hand)
 R - an amulet of reflection
Wands
 l - a wand of polymorph (3)
 E - a wand of flame (8)
 F - a wand of digging (8)
 L - a wand of quicksilver (20)
Scrolls
 h - a scroll of noise
 i - 3 scrolls of vulnerability
 n - 7 scrolls of teleportation
 o - 3 scrolls of torment
 r - a scroll of acquirement {unknown}
 t - 7 scrolls of blinking
 u - 3 scrolls of fog
 v - 2 scrolls of silence
 C - 3 scrolls of amnesia
 I - a scroll of brand weapon
 U - a scroll of poison
 X - a scroll of enchant weapon
Potions
 a - 2 potions of berserk rage
 b - 2 potions of ambrosia
 f - a potion of flight
 j - 6 potions of haste
 p - 2 potions of invisibility
 s - 2 potions of brilliance
 w - 5 potions of attraction
 D - 4 potions of curing
 G - 6 potions of might
 H - 3 potions of cancellation
 M - a potion of lignification
 T - a potion of resistance
 W - 3 potions of heal wounds


   Skills:
 - Level 10.0(15.0) Fighting
 - Level 7.4(13.0) Axes
 - Level 6.9(15.1) Polearms
 - Level 6.0(11.0) Throwing
 + Level 11.5(16.5) Dodging
 + Level 10.4(15.4) Shields
 + Level 12.2 Invocations


You had 12 spell levels left.
You didn't know any spells.
Your spell library contained the following spells:

 Spells                   Type           Power      Damage    Failure   Level
 Kiss of Death            Conj/Necr      0%         2d5       65%         1
 Slow                     Hex            0%         N/A       65%         1
 Sting                    Tmut/Pois      0%         1d3       65%         1
 Poisonous Vapours        Pois/Air       0%         N/A       78%         2
 Sublimation of Blood     Necr           0%         N/A       78%         2
 Wereblood                Tmut           0%         N/A       78%         2
 Confusing Touch          Hex            0%         N/A       95%         3
 Ozocubu's Armour         Ice            0%         N/A       95%         3
 Vampiric Draining        Necr           0%         2d6       95%         3
 Vhi's Electric Charge    Tloc/Air       0%         N/A       95%         3
 Dispel Undead            Necr           0%         3d6       100%        4
 Olgreb's Toxic Radiance  Pois           0%         N/A       100%        4
 Arcjolt                  Conj/Air       0%         1d10      100%        5
 Metabolic Englaciation   Hex/Ice        0%         N/A       100%        5
 Maxwell's Capacitive Co  Air            0%         ∞         100%        8
 Simulacrum               Ice/Necr       Unusable   N/A       N/A         6
 Summon Hydra             Summ           Unusable   N/A       N/A         7

Dungeon Overview and Level Annotations

Branches:
Dungeon (11/15)            Temple (1/1) D:5            Lair (3/5) D:11
 Shoals (0/4) Lair:3       Spider (0/4) Lair:3          Orc (2/2) D:10
  IceCv (visited)
    Elf: Orc:2

Altars:
Ashenzari
Dithmenos
Elyvilon
Fedhas
Gozag
Hepliaklqana
Kikubaaqudgha
Makhleb
Nemelex Xobeh
Okawaru
Ru
Sif Muna
Trog
Uskayaw
Vehumet
Wu Jian
Xom
Zin
The Shining One

Shops:
D:4 ?:   D:5 *   D:11 ?   Orc:2 [

Annotations:
D:3 Mutation Glass
D:6 2 transporters, lampshaded's ghost, novice AtFi
D:9 exclusion: 2 oklob saplings
D:10 3 runed translucent doors, Ekaitz's ghost, journeyman DsHW
D:11 3 transporters
Lair:3 Rupert


Innate Abilities, Weirdness & Mutations

((You are very nimble when in or above water. (Stealth+, EV+, Speed+++)))
Your lower body shifts to a powerful aquatic tail in water.
Armour fits poorly on your strangely shaped body.
You are vulnerable to cold. (rC-)


Message History

Unknown command.
You can now deal lightning-fast blows.
The blink frog struggles to get unstuck from the web.
Rupert hits you with a +5 great mace of draining!!!
You feel drained.
The blink frog blinks!
Unknown command.
You hit Rupert.
Rupert is lightly wounded.
Your +8 hand axe "Kamule" {spect, *Slow rPois rF++ Str+2} hits Rupert!
The blink frog struggles to get unstuck from the web.
Unknown command.
You hit Rupert.
Rupert is lightly wounded.
Your +8 hand axe "Kamule" {spect, *Slow rPois rF++ Str+2} hits Rupert!
Rupert roars madly and goes into a rage!
Rupert goes berserk!
Unknown command.
You slash Rupert!
Rupert is moderately wounded.
Your +8 hand axe "Kamule" {spect, *Slow rPois rF++ Str+2} hits Rupert!
The blink frog pulls away from the web.
Unknown command.
You hit Rupert.
Rupert is moderately wounded.
Your +8 hand axe "Kamule" {spect, *Slow rPois rF++ Str+2} barely misses Rupert.
You block Rupert's attack.
Unknown command.
You slash Rupert!
Rupert is moderately wounded.
Your +8 hand axe "Kamule" {spect, *Slow rPois rF++ Str+2} hits Rupert!
The blink frog is caught in a web!
Your +8 hand axe "Kamule" {spect, *Slow rPois rF++ Str+2} passes through a web.
Unknown command.
You closely miss Rupert.
Rupert is heavily wounded.
Your +8 hand axe "Kamule" {spect, *Slow rPois rF++ Str+2} hits Rupert!
Rupert hits you with a +5 great mace of draining!!!
* * * LOW HITPOINT WARNING * * *
You feel drained.
You die...

# #P.........# ##### ##
#........# #.... .#
#........# #..P# .#
#.......## #..## ..#
##........## #..P# .##
#..........# #..P# .#
##.F†.....## #.... .#
##....#### #.... .#
#@.....#######.... ... ####
###@......#.#P#..... #..
#.#.###^.(#..##........... ~#
##...^§F##^..##..........P ..
###...#.#^.^^#.P#...........
..
#§..P..#.^.^#.###....#....##
..
......F^...#^^.^............#
..
.....F#^...>#^###...........#
.. .....§#.##^...#
#......~~~~..


You could see Rupert (berserk), 2 blink frogs and a friendly +8 hand axe
"Kamule" {spect, *Slow rPois rF++ Str+2} (summoned).

Vanquished Creatures
  A boulder beetle (D:11)
  2 centaur warriors
  A two-headed ogre (D:11)
  A tengu warrior (D:8)
  Amaemon (Lair:3)
  A deep elf pyromancer (D:8)
  A cyclops (Orc:1)
  2 merfolk sirens
  8 elephants (Lair:2)
  A black mamba (Lair:2)
  5 cane toads
  An orange demon (Lair:3)
  4 komodo dragons
  2 ice devils (Lair:1)
  2 merfolk (Lair:3)
  Prince Ribbit (D:5)
  2 trolls
  A hornet (D:9)
  5 slime creatures (IceCv)
  13 blink frogs
  A culicivora (Lair:3)
  2 shadows (D:11)
  A wraith (D:10)
  2 wyverns
  26 yaks
  3 steam dragons
  A basilisk (Lair:3)
  2 wargs (Orc:1)
  An acid dragon (D:11)
  10 water moccasins
  3 ice beasts
  4 black bears
  4 orc warriors
  A sky beast (D:4)
  A great orb of eyes simulacrum (IceCv)
  7 wolves
  3 centaurs
  An ogre (Orc:1)
  2 slime creature simulacra (IceCv)
  2 kobold brigands
  2 phantoms
  10 bullfrogs
  A necrophage (D:6)
  2 glowing shapeshifter simulacra (IceCv)
  6 scorpions
  13 wights
  6 killer bees (D:7)
  4 electric eels (Lair:1)
  2 hounds
  A jelly (D:5)
  An orc priest (D:9)
  A gnoll bouda (Orc:1)
  Terence (D:2)
  Ijyb (D:5)
  4 iguanas
  10 orc wizards
  4 gnolls (Orc:1)
  10 adders
  A shadow imp (D:5)
  2 white imps
  3 worms
  4 dart slugs
  36 orcs
  9 endoplasms
  A giant cockroach (D:4)
  5 goblins
  9 hobgoblins
  4 jackals (D:1)
  15 kobolds
  3 quokkas
  11 ball pythons
  4 bats
  3 frilled lizards
  4 rats
325 creatures vanquished.

Vanquished Creatures (others)
  36 fungi
  55 plants
91 creatures vanquished.

Grand Total: 416 creatures vanquished

Notes
Turn   | Place    | Note
-------+----------+-------------------------------------------
     0 | D:1      | chippings the Merfolk Gladiator began the quest for the
                  | Orb.
     0 | D:1      | Reached XP level 1. HP: 16/16 MP: 1/1
    88 | D:1      | Reached XP level 2. HP: 11/23 MP: 2/2
   387 | D:1      | Reached XP level 3. HP: 24/25 MP: 3/3
  1076 | D:2      | Noticed Terence
  1095 | D:2      | Gained mutation: You have hidden genetic defects. [potion
                  | of mutation]
  1103 | D:2      | Killed Terence
  1104 | D:2      | Reached skill level 5 in Polearms
  1104 | D:2      | Reached XP level 4. HP: 34/35 MP: 4/4
  1107 | D:2      | Reached skill level 5 in Dodging
  1113 | D:2      | Gained mutation: Armour fits poorly on your strangely
                  | shaped body. [hidden defects]
  1372 | D:2      | Gained mutation: You are vulnerable to cold. (rC-) [hidden
                  | defects]
  1372 | D:2      | Lost mutation: You have hidden genetic defects. [hidden
                  | defects expressed]
  1792 | D:3      | Reached XP level 5. HP: 41/41 MP: 5/5
  1853 | D:3      | Identified the +7 chain mail of the Barnacled Worm {rF- rC+
                  | Str+4}
  2278 | D:3      | Found a shimmering blue altar of Sif Muna.
  2281 | D:3      | Found a sparkling altar of Nemelex Xobeh.
  2282 | D:3      | Found a bloodstained altar of Trog.
  2444 | D:4      | Found an ancient bone altar of Kikubaaqudgha.
  2585 | D:4      | Noticed a sky beast
  2591 | D:4      | Killed a sky beast
  2592 | D:4      | Reached XP level 6. HP: 48/48 MP: 6/6
  2610 | D:4      | Found Fuwk's Magic Scroll Shop.
  2613 | D:4      | Bought a scroll of identify for 22 gold pieces
  2613 | D:4      | Bought a scroll of identify for 22 gold pieces
  2613 | D:4      | Bought a scroll of identify for 22 gold pieces
  2613 | D:4      | Bought a scroll of blinking for 82 gold pieces
  2613 | D:4      | Bought a scroll of teleportation for 33 gold pieces
  2613 | D:4      | Bought a scroll of teleportation for 33 gold pieces
  2613 | D:4      | Bought a scroll of fog for 44 gold pieces
  2786 | D:4      | Noticed a yak
  2794 | D:4      | Killed a yak
  2871 | D:4      | Reached XP level 7. HP: 53/54 MP: 7/7
  2976 | D:4      | Found Fozagox's Tremendous Tomes.
  3130 | D:4      | Identified the +8 hand axe "Kamule" {spect, *Slow rPois
                  | rF++ Str+2}
  3378 | D:5      | Entered Level 5 of the Dungeon
  3388 | D:5      | Noticed Prince Ribbit
  3398 | D:5      | Killed Prince Ribbit
  3399 | D:5      | Reached skill level 5 in Throwing
  3400 | D:5      | Found Rekluve's Serpentskin Sales.
  3405 | D:5      | Reached XP level 8. HP: 49/60 MP: 8/8
  3413 | D:5      | Bought 3 curare-tipped darts for 25 gold pieces
  3413 | D:5      | Bought 5 poisoned darts for 28 gold pieces
  3454 | D:5      | You fall into a shaft and drop 3 floors!
  3516 | D:7      | Found a burning altar of Makhleb.
  3765 | D:5      | Found a staircase to the Ecumenical Temple.
  3772 | Temple   | Entered the Ecumenical Temple
  3958 | Temple   | Became a worshipper of Warmaster Okawaru
  4195 | D:5      | Found a blossoming altar of Fedhas.
  4301 | D:5      | Reached skill level 1 in Shields
  4359 | D:5      | Reached skill level 5 in Axes
  4387 | D:5      | Noticed Ijyb
  4404 | D:5      | Killed Ijyb
  4546 | D:5      | Reached XP level 9. HP: 61/65 MP: 9/9
  4556 | D:5      | Reached skill level 1 in Invocations
  4696 | D:6      | Found a hide-covered altar of Uskayaw.
  4764 | D:6      | Reached * piety under Okawaru
  4765 | D:6      | Reached skill level 2 in Invocations
  4910 | D:6      | Noticed a queen bee
  4920 | D:6      | Found a transporter.
  4920 | D:6      | Noticed lampshaded's ghost (novice AtFi)
  4924 | D:6      | Found a transporter.
  4963 | D:6      | Reached skill level 5 in Fighting
  5035 | D:6      | Reached skill level 3 in Invocations
  5053 | D:6      | Found a blossoming altar of Fedhas.
  5055 | D:6      | Found a shimmering altar of Xom.
  5055 | D:6      | Found a basalt altar of Yredelemnul.
  5057 | D:6      | Found a blossoming altar of Fedhas.
  5057 | D:6      | Found a hide-covered altar of Uskayaw.
  5057 | D:6      | Found a white marble altar of Elyvilon.
  5251 | D:7      | Reached ** piety under Okawaru
  5252 | D:7      | Reached skill level 4 in Invocations
  5587 | D:7      | Found a sacrificial altar of Ru.
  5654 | D:7      | Reached skill level 5 in Shields
  5656 | D:7      | Reached XP level 10. HP: 61/77 MP: 13/13
  5667 | D:7      | Reached skill level 5 in Invocations
  6007 | D:8      | Noticed a tengu warrior
  6008 | D:8      | Noticed a centaur warrior
  6008 | D:8      | Noticed a deep elf pyromancer
  6009 | D:8      | Noticed a centaur warrior
  6151 | D:7      | Reached *** piety under Okawaru
  6167 | D:7      | Killed a centaur warrior
  6273 | D:8      | Killed a centaur warrior
  6274 | D:8      | Reached skill level 6 in Invocations
  6421 | D:8      | Killed a tengu warrior
  6727 | D:8      | Reached **** piety under Okawaru
  6734 | D:8      | Reached skill level 7 in Invocations
  6734 | D:8      | Reached XP level 11. HP: 79/86 MP: 16/16
  7100 | D:8      | Killed a deep elf pyromancer
  7306 | D:8      | Identified the +0 chain mail "Cazif" {rElec Stlth+}
  8088 | D:9      | Found a radiant altar of Vehumet.
  8289 | D:9      | Reached skill level 8 in Invocations
  8531 | D:10     | Entered Level 10 of the Dungeon
  8860 | D:10     | Received a gift from Okawaru
  8892 | D:10     | Found a runed translucent gate.
  8892 | D:10     | Found a runed translucent gate.
  8892 | D:10     | Found a runed translucent gate.
  8895 | D:10     | Noticed Ekaitz's ghost (journeyman DsHW)
  9163 | D:10     | Found a staircase to the Orcish Mines.
  9429 | D:10     | Reached skill level 10 in Dodging
  9681 | Orc:1    | Entered Level 1 of the Orcish Mines
  9683 | Orc:1    | Noticed a cyclops
  9695 | Orc:1    | Killed a cyclops
 10107 | Orc:2    | Entered Level 2 of the Orcish Mines
 10107 | Orc:2    | Noticed an orc warlord
 10107 | Orc:2    | Noticed an orc high priest
 10107 | Orc:2    | Noticed an orc sorcerer
 10107 | Orc:2    | Noticed an orc knight
 10107 | Orc:2    | Noticed an orc knight
 10107 | Orc:2    | Found Pududgh's Antique Armour Emporium.
 10156 | D:11     | Received a gift from Okawaru
 10157 | D:11     | Noticed a boulder beetle
 10172 | D:11     | Noticed a two-headed ogre
 10176 | D:11     | Killed a boulder beetle
 10176 | D:11     | Reached ***** piety under Okawaru
 10182 | D:11     | Killed a two-headed ogre
 10308 | D:11     | Received a gift from Okawaru
 10347 | D:11     | Found a transporter.
 10428 | D:11     | Found a transporter.
 10438 | D:11     | Found a staircase to the Lair.
 10546 | D:11     | Found a transporter.
 10549 | D:11     | Found a transporter.
 10554 | D:11     | Found a transporter.
 10554 | D:11     | Found a transporter.
 10639 | D:11     | Received a gift from Okawaru
 10645 | D:11     | Reached XP level 12. HP: 77/94 MP: 18/18
 10804 | D:11     | Found Heuvvobe's Magic Scroll Boutique.
 10812 | D:11     | Bought a scroll of identify for 32 gold pieces
 10812 | D:11     | Bought a scroll of identify for 32 gold pieces
 10812 | D:11     | Bought a scroll of teleportation for 48 gold pieces
 10814 | D:11     | Bought a scroll of identify for 32 gold pieces
 10814 | D:11     | Bought a scroll of identify for 32 gold pieces
 10921 | Lair:1   | Entered Level 1 of the Lair of Beasts
 11186 | Lair:1   | Found a frozen archway.
 11195 | Lair:1   | Received a gift from Okawaru
 11218 | IceCv    | Entered an ice cave
 11348 | IceCv    | Reached skill level 9 in Invocations
 11598 | Lair:1   | Received a gift from Okawaru
 12025 | Lair:1   | Received a gift from Okawaru
 12426 | Lair:2   | Reached ****** piety under Okawaru
 12427 | Lair:2   | Reached skill level 10 in Fighting
 12434 | Lair:2   | Reached skill level 10 in Invocations
 12521 | Lair:2   | Received a gift from Okawaru
 12550 | Lair:2   | Reached skill level 10 in Shields
 12570 | Lair:2   | Reached skill level 11 in Invocations
 12803 | Lair:2   | Identified the +1 leather armour "Hicadd" {rF+ rC++ MP+9}
 12940 | Lair:2   | Reached XP level 13. HP: 93/103 MP: 21/21
 13950 | Lair:3   | Noticed Amaemon
 13962 | Lair:3   | Killed Amaemon
 14076 | Lair:3   | Found a staircase to the Shoals.
 14079 | Arena    | Entered the Arena
 14085 | Arena    | Reached skill level 12 in Invocations
 14143 | Lair:3   | Received a gift from Okawaru
 14286 | Lair:3   | Found a hole to the Spider Nest.
 14335 | Lair:3   | Noticed Rupert
 14356 | Lair:3   | Demolished by Rupert

Illustrated notes

Levels and vault maps discovered:
D:1:      onia_arrival_mini_maze_b, layout_basic
D:2:      layout_basic, uniq_terence
D:3:      layout_loops_ring, minitemple, due_unseen_surprise
D:4:      minmay_thick_lines, layout_basic, nicolae_kikubaaqudgha_miasma_corner,
          serial_shops, kennysheep_mini_moat, nicolae_shop_i_like_big_books
D:5:      layout_loops_ring, fedhas_bush_and_centaur_altar,
          minmay_temple_entry_statues_pillars, guppyfry_shop_venom,
          uniq_prince_ribbit1, uniq_ijyb
D:6:      layout_rooms, nicolae_uskayaw_dance_hall, doesnt_xom_only_xom,
          gammafunk_ghost_hive
D:7:      layout_basic, nicolae_ru_the_path_less_chosen,
          mainiacjoe_overflow_six_doors_small
D:8:      layout_loops_cross, minmay_radiant
D:9:      layout_cave_pods, mainiacjoe_overflow_24_doors,
          introduction_to_nature_2
D:10:     layout_basic, orc_0_dummy, ebering_ghost_rock_garden,
          nicolae_straight_to_the_point
D:11:     layout_basic, due_lair_maze_entry_diamond, serial_shops,
          nicolae_shop_trees, dk_noncrumbling_2, serial_nicolae_subway,
          nicolae_sub_station_stone, nicolae_sub_station_metal,
          nicolae_sub_station_crystal
Temple:   minmay_temple_forest_path
Lair:1:   layout_chaotic_city, portal_ice_cave_demonic_guard,
          nicolae_quartered_pool_medium, infiniplex_staircase_pool_2
Lair:2:   layout_loops_ring, grunt_megastairs_1
Lair:3:   layout_gridlike, elwin_shoals_entry_stream, spider_nest_entry_rubble,
          uniq_amaemon, uniq_rupert
Orc:1:    layout_diamond_mine
Orc:2:    grunt_orc_gardens, layout_diamond_mine, grunt_orc_garden,
          grunt_orc_garden, grunt_orc_garden, grunt_orc_garden, serial_shops,
          nicolae_square_shop

Skill      XL: |  1  2  3  4  5  6  7  8  9 10 11 12 13 |
---------------+----------------------------------------+-----
Fighting       | 3 4 6 8 10 | 10.0
Polearms       | 5 6 |  6.9
Dodging        | 5 6 8 10 11 | 11.5
Throwing       | 3 5 6 |  6.0
Axes           | 2 5 7 |  7.4
Shields        | 2 5 6 8 10 | 10.4
Invocations    | 4 7 8 11 12 | 12.2

Action                   |  1- 3 |  4- 6 |  7- 9 | 10-12 | 13-15 || total
-------------------------+-------+-------+-------+-------+-------++-------
Melee: Trident           |   120 |   114 |    21 |       |       ||   255
       Punch             |     1 |       |       |       |       ||     1
       Hand axe          |       |       |   172 |   435 |    85 ||   692
       Tailslap          |       |       |       |     1 |     2 ||     3
Throw: Dart              |       |       |       |     3 |       ||     3
Invok: Heroism           |       |       |       |     5 |     2 ||     7
       Finesse           |       |       |       |     1 |     1 ||     2
       Duel              |       |       |       |       |     1 ||     1
Evoke: Wand              |       |       |       |     1 |       ||     1
  Use: Potion            |     7 |       |     1 |     2 |     1 ||    11
       Scroll            |     1 |     5 |     2 |    13 |     6 ||    27
 Stab: Sleeping          |       |     2 |       |       |       ||     2
       Distracted        |       |       |     2 |    11 |     2 ||    15
Armor: Leather armour    |    23 |     6 |       |       |       ||    29
       Chain mail        |       |    30 |    89 |   122 |     2 ||   243
Dodge: Dodged            |    82 |    46 |    61 |   156 |    27 ||   372
Block: Buckler           |       |       |    27 |    45 |       ||    72
       Kite shield       |       |       |       |   112 |    48 ||   160

Table legend: (Time is in decaauts)
 A = Elapsed time spent in this place.
 B = Non-inter-level travel time spent in this place.
 C = Inter-level travel time spent in this place.
 D = Time resting spent in this place.
 E = Time spent auto-exploring this place.
 F = Levels seen in this place.
 G = Mean time per level.
                   A        B        C        D        E       F      G
               +--------+--------+--------+--------+--------+-----+--------+
         Total |  14385 |  13876 |    509 |    887 |   8968 |  19 |  757.1 |
       Dungeon |  10451 |  10065 |    386 |    798 |   6466 |  11 |  950.1 |
        Temple |    241 |    187 |     54 |      0 |      0 |   1 |  241.0 |
          Lair |   2946 |   2915 |     31 |      0 |   2114 |   3 |  982.0 |
  Orcish Mines |    433 |    396 |     37 |      0 |    297 |   2 |  216.5 |
      Ice Cave |    297 |    297 |      0 |     89 |     91 |   1 |  297.0 |
         Arena |     13 |     13 |      0 |      0 |      0 |   1 |   13.0 |
               +--------+--------+--------+--------+--------+-----+--------+

Top non-repeatable levels by time:
     D:7: 1688 daAuts
  Lair:2: 1343 daAuts
    D:10: 1181 daAuts
     D:9: 1019 daAuts
     D:4: 978 daAuts
    D:11: 960 daAuts
     D:1: 916 daAuts
  Lair:1: 914 daAuts
     D:5: 820 daAuts
     D:3: 809 daAuts
     D:8: 787 daAuts
  Lair:3: 689 daAuts
     D:2: 683 daAuts
     D:6: 607 daAuts
   Orc:1: 431 daAuts
